[Event "24th Hoogeschool Zeeland 2022"]
[Site "Vlissingen"]
[Date "2022.08.10"]
[Round "6.19"]
[White "Boghossian, Wahe"]
[Black "Honkoop, Gilian"]
[Result "1/2-1/2"]
[ECO "D03"]
[WhiteElo "1978"]
[BlackElo "2205"]
[Annotator "TA"]
[PlyCount "77"]
[EventDate "2022.08.05"]
[EventType "swiss"]
[EventCountry "NED"]
[SourceTitle "playchess.com"]
[Source "ChessBase"]
[SourceQuality "1"]
[TimeControl "40/5400+30:1800+30"]

1. Nf3 Nf6 2. d4 e6 3. Bg5 h6 4. Bh4 d5 5. e3 Be7 6. Nbd2 O-O 7. Bd3 b6 8. Ne5 c5 9. c3 Bb7 10. O-O Nc6 11. f4 {[%emt 0:02:01] D03: 1 d4 d5 2 Nf3 Nf6 3 Bg5, including Torre Attack with early ...d5.} Ne4 {[%emt 0:06:08] 11...Nd7 injects fresh life into this line.} 12. Nxc6 Bxc6 13. Bxe7 Qxe7 14. Nf3 f6 {[%emt 0:04:40] [#]} 15. Nh4 $146 {[%emt 0:05:13] Hoping for Bxe4.} ({Predecessor:} 15. Qe2 Rac8 16. Kh1 Qe8 17. g4 Rc7 18. Rg1 g5 19. Raf1 gxf4 20. exf4 Rg7 21. Re1 {1-0 (33) Dluhosch,T (2083)-Budde,W (2221) corr 1997}) 15... Be8 16. Qc2 (16. Bxe4 $5 dxe4 17. f5 $11) 16... Nd6 17. Bh7+ Kh8 18. Bg6 f5 19. g3 Qf6 20. Bxe8 Rfxe8 21. Nf3 $1 Rec8 22. Ne5 Rc7 23. Qd3 a5 24. a4 c4 25. Qc2 Ne4 26. Kg2 Kh7 27. Qe2 Qe7 28. Ra2 Qe8 29. Rfa1 Rb7 30. g4 Rab8 31. gxf5 ({White should try} 31. Rg1) 31... exf5 $17 32. Kh1 {[%emt 0:00:34] [#]} b5 $1 33. axb5 Rxb5 34. Rg1 {[%emt 0:00:28] [#]} R8b7 $2 ({Black should play} 34... a4 $1 $19 {...R8b7 is the strong threat.} 35. Rg2 (35. Qg2 R8b7 $17) 35... Rb3) 35. Rg6 $1 $15 Re7 (35... Nf6 $1 $15) 36. Ra6 $11 {[%emt 0:01:08] The position is equal.} Reb7 37. R6xa5 Rxa5 38. Rxa5 Qd8 39. Qh5 {[%emt 0:05:13] Weighted Error Value: White=0.10 (very precise) /Black=0.17 (very precise)} 1/2-1/2

[Event "24th Hoogeschool Zeeland 2022"]
[Site "Vlissingen"]
[Date "2022.08.10"]
[Round "6.20"]
[White "Lacrosse, Marc"]
[Black "Baarslag, Ed"]
[Result "1/2-1/2"]
[ECO "D37"]
[WhiteElo "2003"]
[BlackElo "2161"]
[Annotator "TA"]
[PlyCount "51"]
[EventDate "2022.08.05"]
[EventType "swiss"]
[EventCountry "NED"]
[SourceTitle "playchess.com"]
[Source "ChessBase"]
[SourceQuality "1"]
[TimeControl "40/5400+30:1800+30"]

1. d4 d5 2. c4 e6 3. Nf3 Nf6 4. Nc3 a6 5. c5 b6 6. cxb6 {[%emt 0:02:22] D37: Queen's Gambit Declined: 5 Bf4.} c5 ({Don't play} 6... Nbd7 7. bxc7 Qxc7 8. Bd2 $14) 7. Qb3 {[%emt 0:22:09] [#] Strongly threatening b7.} Bd7 {[%emt 0:04:37] [#]} 8. dxc5 $146 {[%emt 0:24:32] The position is equal.} ({Predecessor:} 8. e4 c4 9. Qc2 Nxe4 10. Nxe4 dxe4 11. Qxe4 Bc6 12. Qe3 Bxf3 13. Qxf3 Bb4+ 14. Bd2 Bxd2+ 15. Kxd2 Qxb6 16. Qxa8 Qxb2+ {½-½ (22) Bjerre,J (2551)-Grandelius,N (2663) chess24.com INT 2020}) 8... Bxc5 9. Na4 (9. Bf4 $11 {is more appropriate.} Bxb6 10. e3) 9... Bxa4 $15 10. Qxa4+ Nbd7 11. b7 Ra7 12. b4 Bb6 ({Black should play} 12... Bd6 $15) 13. e3 $1 $14 a5 14. Bb2 (14. b5 $14 {keeps the upper hand.}) 14... Rxb7 (14... axb4 $17 15. Qc2 (15. Qxb4 $2 Ba5 $19) 15... Rxb7) 15. Bb5 axb4 16. Bxf6 ({Don't blunder} 16. Qxb4 $2 Ba5 17. Bxd7+ Nxd7 $19) 16... gxf6 17. O-O O-O 18. Qxb4 Bc5 19. Qg4+ Kh8 20. a4 f5 21. Qf4 Be7 22. Rac1 Bf6 23. Rc2 Bg7 24. Qd6 (24. Qb4 $14) 24... Ne5 $11 25. Qxd8 Rxd8 ({Better is} 25... Nxf3+ $11 26. gxf3 Rxd8) 26. Nxe5 {[%emt 0:00:41] Weighted Error Value: White=0.15 (very precise) /Black=0.27 (precise)} (26. Nd4 $14) 1/2-1/2

[Event "24th Hoogeschool Zeeland 2022"]
[Site "Vlissingen"]
[Date "2022.08.10"]
[Round "6.21"]
[White "Verwoert, Jef"]
[Black "Bui, Bao Anh Le"]
[Result "1-0"]
[ECO "B21"]
[WhiteElo "1998"]
[BlackElo "2109"]
[Annotator "TA"]
[PlyCount "39"]
[EventDate "2022.08.05"]
[EventType "swiss"]
[EventCountry "NED"]
[SourceTitle "playchess.com"]
[Source "ChessBase"]
[SourceQuality "1"]
[TimeControl "40/5400+30:1800+30"]

1. e4 c5 2. d4 cxd4 3. f4 Nc6 4. Nf3 d5 5. exd5 Qxd5 6. Nc3 {[%emt 0:04:32] B21: Sicilian: 2 f4 and Morra Gambit.} Qe6+ 7. Ne2 Qe4 8. Nfxd4 {[%emt 0:40:00][%cal Bf3d4,Bd4b5,Bb5c3][%mdl 32] [#] Black must now prevent Nb5. Black is slightly better.} Bh3 $146 {[%emt 0:09:39] [#]} (8... Bd7 $11 {and Black is okay.}) ({Predecessor:} 8... Nxd4 9. Qxd4 Qxc2 10. Be3 e6 11. Rc1 Qf5 12. Rd1 Qa5+ 13. Nc3 a6 {0-1 (13) Wells,L-Bonner,M IECG email 1998}) 9. Nb5 $1 $18 Rc8 {[%emt 0:32:00] Against Nc7+} 10. Nbc3 Qg6 (10... Qe6 $142) 11. gxh3 Rd8 12. Bd2 ({Don't do} 12. Nd5 e6 13. Nc7+ Ke7) 12... Nb4 13. Rc1 e5 14. fxe5 Bc5 15. Nf4 Qf5 16. Qg4 Nxc2+ $2 {[%emt 0:01:57] [#]} (16... Qxe5+ 17. Qe2 Qxe2+ 18. Bxe2 Nf6) 17. Rxc2 $1 Qxc2 {[%emt 0:00:09] [#]} (17... Qxe5+ 18. Qe2) 18. Bd3 $1 Rxd3 19. Nxd3 Qxd3 20. Qc8+ {[%emt 0:00:23] White took control after the opening.  Weighted Error Value: White=0.42/Black=1.24} 1-0

[Event "24th Hoogeschool Zeeland 2022"]
[Site "Vlissingen"]
[Date "2022.08.10"]
[Round "6.22"]
[White "Kools, Thomas"]
[Black "Bazilius, Augustinas"]
[Result "1/2-1/2"]
[ECO "B23"]
[WhiteElo "2135"]
[BlackElo "2045"]
[Annotator "TA"]
[PlyCount "73"]
[EventDate "2022.08.05"]
[EventType "swiss"]
[EventCountry "NED"]
[SourceTitle "playchess.com"]
[Source "ChessBase"]
[SourceQuality "1"]
[TimeControl "40/5400+30:1800+30"]

1. e4 c5 2. Nc3 a6 3. g3 b5 4. Bg2 Bb7 5. d3 e6 6. Nh3 Nf6 {[%emt 0:02:46] B23: Closed Sicilian: Lines without g3.} 7. O-O d6 {[%emt 0:14:30] 7...b4 might become the main line.} 8. f4 Be7 (8... Qd7 $11) 9. f5 (9. e5 $16 Bxg2 10. Kxg2) 9... e5 10. Nd5 (10. Nf2 {is interesting.} O-O 11. Ng4 Nxg4 12. Qxg4 Nd7 13. Bh6) 10... Nxd5 11. exd5 h6 {[%emt 0:07:50] [#]} 12. Qg4 $146 ({Predecessor:} 12. c4 Nd7 13. Nf2 bxc4 14. dxc4 Nf6 15. Ne4 Nxe4 16. Bxe4 {0-1 (47) Quparadze,G (2481)-Pantsulaia,L (2607) Doha 2016}) 12... Bf6 (12... h5 $11 13. Qf3 (13. Qxg7 $2 Bf6 $19) 13... Nd7) 13. Bd2 Nd7 14. Rae1 Qb6 (14... c4 $11) 15. Kh1 a5 16. Nf2 O-O-O (16... h5 $11 {remains equal.} 17. Qe2 Be7) 17. c4 $16 b4 18. b3 Kc7 19. Ra1 Rhg8 20. Ne4 Be7 21. a3 Nf6 22. Nxf6 Bxf6 23. Be4 Kd7 24. Kg2 Ra8 25. Qh5 Ke7 (25... Rgf8 $142) 26. axb4 axb4 27. Rxa8 Rxa8 28. h4 ({White should play} 28. g4 $1 $16) 28... Rh8 $1 $14 29. g4 (29. Ra1 $5 ) 29... Qd8 30. Ra1 {[%emt 0:00:32] With the idea Be3.} Bc8 ({Resist} 30... Qb8 31. Be3 $16) (30... Qf8 $11 {keeps the balance.}) 31. Be3 $16 {[%emt 0:05:12] Strongly threatening Ra7+.} Bd7 {[%emt 0:00:44] [#]} 32. Ra7 (32. Bxc5 $142 $1 dxc5 33. d6+ Kxd6 34. Qxf7) 32... Qe8 33. Kg3 Qf8 34. Ra6 {[%emt 0:00:00][%cal Oe3c5] Hoping for Bxc5! White is much more active.} Qc8 35. Ra7 Qf8 $1 36. Ra6 {[%emt 0:00:00][%cal Oe3c5] aiming for Bxc5!} Qc8 37. Ra7 {[%emt 0:00:30] Weighted Error Value: White=0.23 (precise) /Black=0.23 (precise)} (37. Ra2 $16) 1/2-1/2

[Event "24th Hoogeschool Zeeland 2022"]
[Site "Vlissingen"]
[Date "2022.08.10"]
[Round "6.23"]
[White "Lammens, Tim"]
[Black "Mensing, Adrian"]
[Result "0-1"]
[ECO "A49"]
[WhiteElo "2255"]
[BlackElo "1956"]
[Annotator "TA"]
[PlyCount "124"]
[EventDate "2022.08.05"]
[EventType "swiss"]
[EventCountry "NED"]
[SourceTitle "playchess.com"]
[Source "ChessBase"]
[SourceQuality "1"]
[TimeControl "40/5400+30:1800+30"]

1. Nf3 Nf6 2. g3 g6 3. Bg2 Bg7 4. O-O O-O 5. d4 c5 6. dxc5 Na6 7. Be3 Ng4 {[%emt 0:02:06] A49: 1 d4 Nf6 2 Nf3 g6 3 g3: Anti-King's Indian systems.} 8. Bd4 e5 9. Bc3 Nxc5 {[%emt 0:12:57] White is slightly better.} 10. h3 Nxf2 11. Rxf2 Ne4 {[%emt 0:00:19][%csl LRf2,LRg3] [#]} 12. Be1 $146 (12. Bxe5 $1 $16 Nxf2 13. Kxf2) ({Predecessor:} 12. Rf1 Nxg3 13. Re1 d6 14. e3 Be6 15. Kh2 Ne4 16. Bb4 a5 17. Ba3 b5 18. b3 {0-1 (40) Jaszczowski,Z (1767)-Hamilton,D (1965) ICCF email 2014}) 12... Nxf2 13. Bxf2 d5 14. c3 Be6 15. Nbd2 Qe7 16. Nf1 Rfd8 17. a4 d4 18. cxd4 e4 19. Ne1 f5 20. Qd2 {[%emt 0:03:47] Prevents Qb4.} (20. e3 $16) 20... Rac8 $14 21. e3 Rc4 22. g4 Bh6 (22... fxg4 $14 23. hxg4 Bd5) 23. Qe2 $16 Qe8 24. Ng3 Rb4 (24... Qf7 $16 {keeps fighting.}) 25. gxf5 $18 gxf5 26. h4 Qf7 (26... Rb3 $16 {is a better defense.}) 27. Bh3 Rd5 (27... Kh8 $142 28. Ng2 Rb3) 28. Ng2 Ra5 29. Rc1 Rbxa4 30. Kh2 Rxd4 31. exd4 (31. Be1 $18 Ra6 32. Rc5) 31... Bxc1 $16 32. Qe1 Ra1 (32... Qc7 $16) 33. d5 Bd7 (33... Bxd5 $2 34. Qc3 Be6 35. Nxe4 $1 $18 ) 34. Be3 (34. Qc3 $16) 34... Bxb2 $11 35. Qb4 Be5 36. Bf4 Qxd5 37. Qe7 Qd4 38. Ne2 {[%emt 0:00:37] Inhibits Qg1+.} (38. Qg5+ $11 Kf7 39. Bxf5 Bxf4 40. Qxf4) 38... Bxf4+ $2 ({Black should try} 38... Bf6 $19 39. Nxd4 Bxe7 40. Nxf5 Kf7) 39. Ngxf4 Ra2 {[%emt 0:01:55] Hoping for ...Rd2.} (39... Qd1 $5 40. Bf1 Ra2 $11) 40. Qg5+ $2 (40. Bg2 $14 {stays ahead.} Rxe2 41. Nxe2) 40... Kf7 $17 41. Qh5+ {[%emt 0:02:26] [#]} Ke7 ({Black should play} 41... Kg7 $1 $19 {Threatens to win with ...Qf6.} 42. Qg5+ Kf7 43. Qh5+ Kg8 44. Qg5+ Kf8) 42. Qxh7+ Kd6 43. Qg6+ Kc7 {[%emt 0:00:52] White must now prevent ...Qf2+.} 44. Qg3 {[%emt 0:01:02] Inhibits Qf2+.} Qe5 {[%emt 0:04:26] Prevents Ne6+.} (44... Qd6 $15 {was preferrable.} 45. Qc3+ Kb8 46. Qh8+ Bc8) 45. Bg2 (45. h5 $1 $11 Ra6 46. Nd5+ Kd6 47. Ndf4) 45... Rxe2 46. Nxe2 $11 Qxg3+ 47. Kxg3 Kd6 48. Kf4 {[%emt 0:00:22] Strongly threatening Ng3.} Ke6 49. Kg5 {[%emt 0:01:00] Bh3 is the strong threat.} b5 50. h5 Kf7 51. h6 b4 52. Nd4 a5 53. Bf1 {[%emt 0:00:29] Intending Bc4+ and mate.} Kg8 54. Bc4+ Kh7 55. Ne2 a4 56. Nf4 $2 (56. Nd4 $11 {and White stays safe.}) 56... b3 $19 57. Bd5 (57. Bf7 $142 Be8 58. Bxe8) 57... b2 58. Ba2 a3 {[%emt 0:00:21] aiming for ...Be8.} 59. Ng6 Be8 (59... Bc8 $2 60. Nf8+ Kh8 61. h7 $18) 60. Nf8+ Kh8 {[%emt 0:00:02] ( -> ...e3)} 61. Kf6 e3 62. Ke7 Bh5 {[%emt 0:00:12] Both players deserved the win here.  Weighted Error Value: White=0.81/Black=0.26 (precise)} 0-1

[Event "24th Hoogeschool Zeeland 2022"]
[Site "Vlissingen"]
[Date "2022.08.10"]
[Round "6.24"]
[White "Bruil, Rembrandt"]
[Black "Ackermann, Frank"]
[Result "1-0"]
[ECO "E14"]
[WhiteElo "2204"]
[BlackElo "2012"]
[Annotator "TA"]
[PlyCount "95"]
[EventDate "2022.08.05"]
[EventType "swiss"]
[EventCountry "NED"]
[SourceTitle "playchess.com"]
[Source "ChessBase"]
[SourceQuality "1"]
[TimeControl "40/5400+30:1800+30"]

1. Nf3 Nf6 2. e3 e6 3. c4 c5 4. d4 b6 5. Nc3 Be7 (5... cxd4 $11 6. exd4 Bb4) 6. d5 $1 $14 {[%emt 0:05:33] Strongly threatening d6. E14: Queen's Indian: Classical Variation (4 e3).} d6 7. e4 O-O 8. Be2 {[%emt 0:01:27] White is slightly better.} exd5 9. exd5 Bf5 {[%emt 0:04:45] [#]} 10. Nh4 $146 ({Predecessor:} 10. Bd3 Qc8 11. O-O Re8 12. Bg5 Bxd3 13. Qxd3 Nbd7 14. Rfe1 Qd8 15. Re2 Ng4 16. Bxe7 Rxe7 {1-0 (47) Genis,R (1745)-Scharmann,H (1457) Grossauheim 2007}) 10... Bc8 11. O-O Re8 12. Re1 Bf8 13. Bd3 Rxe1+ 14. Qxe1 Nbd7 15. Nf3 {[%emt 0:06:44] Inhibits Ne5.} Qe7 16. Bf4 Nh5 17. Bg5 {[%emt 0:02:38] 0x0.0019eda60b29dp-1022s more active pieces.} f6 18. Bd2 {[%emt 0:08:50] Hoping for g4.} Ne5 19. Nxe5 fxe5 20. Qe4 g6 $1 21. Re1 Qf7 22. g3 Bd7 23. Qe2 Re8 24. f3 (24. b3 {seems wilder.} Bg7 25. Kg2 Bf5 26. Nb5) 24... Nf6 25. Kg2 Bg7 26. Be4 Qf8 27. Qe3 Kh8 28. g4 Ng8 29. h4 Qf7 30. Rh1 Bh6 31. g5 {[%emt 0:03:33] Threatens to win with h5.} Bg7 32. h5 Bf5 {[%emt 0:03:56] [#]} (32... gxh5 $16 33. Qf2 Ne7) 33. hxg6 $1 $18 Bxg6 34. Bxg6 Qxg6 {[%emt 0:00:03] [#]} 35. Qe4 $1 {[%emt 0:00:08] White wants to mate with Qxg6.} Ne7 36. Nb5 Rd8 37. Nxa7 (37. Qxg6 $18 Nxg6 38. Nxa7) 37... Ra8 $2 (37... Nf5 $16) 38. Nb5 Rxa2 39. Bc1 $40 {[%emt 0:00:35][%mdl 128] Black is in trouble.} Kg8 40. Qxg6 Nxg6 (40... hxg6 $142 41. Nxd6 Kf8) 41. Nxd6 Nf4+ $2 (41... Ra4 42. Bd2 e4) 42. Bxf4 exf4 {[%emt 0:02:36][%mdl 4096] Endgame KRB-KRN} 43. Rb1 Bxb2 $2 (43... h6 44. gxh6 Bxh6) 44. Kh3 {[%emt 0:00:30] White is clearly winning.} Kf8 45. Kg4 Be5 46. Rxb6 Bxd6 47. Rxd6 Rc2 48. Rf6+ {[%emt 0:00:05] Weighted Error Value: White=0.13 (very precise) /Black=0.30} 1-0

[Event "24th Hoogeschool Zeeland 2022"]
[Site "Vlissingen"]
[Date "2022.08.11"]
[Round "7.1"]
[White "Van den Doel, Erik"]
[Black "Lalith Babu M R"]
[Result "1/2-1/2"]
[ECO "C78"]
[WhiteElo "2589"]
[BlackElo "2549"]
[Annotator "TA"]
[PlyCount "101"]
[EventDate "2022.08.05"]
[EventType "swiss"]
[EventCountry "NED"]
[SourceTitle "playchess.com"]
[Source "ChessBase"]
[SourceQuality "1"]
[TimeControl "40/5400+30:1800+30"]

1. e4 e5 2. Nf3 Nc6 3. Bb5 a6 4. Ba4 Nf6 5. d3 b5 6. Bb3 Bc5 7. O-O d6 8. c3 {[%emt 0:00:51] C78: Ruy Lopez: Archangelsk and Möller Defences.} Bb6 {[%emt 0:07:11] 8...h6 is a critical line.} 9. a4 Rb8 10. axb5 axb5 11. Na3 b4 {[%emt 0:09:42] [#]} 12. Ba4 $146 ({Predecessor:} 12. Nc4 bxc3 13. bxc3 O-O 14. Nxb6 Rxb6 15. Be3 Rb8 16. h3 h6 17. Ba4 Ne7 18. Qc2 {1-0 (43) Martinez Reyes,P (2416)-Wanyama,H (2312) Chess.com INT 2020}) 12... Bd7 13. Bxc6 Bxc6 14. cxb4 h6 15. Qc2 Bd7 16. Nc4 O-O 17. Nxb6 Rxb6 18. Ra7 Ne8 19. Bd2 f5 20. exf5 Bxf5 21. Qc4+ Kh8 22. Rfa1 {[%emt 0:03:23] White is more active.} Qf6 23. Ra8 (23. Be3 $5 Be6 24. Qc3 $14) 23... Be6 24. Qh4 Kg8 25. Be3 Rb5 ({Resist} 25... Qxh4 26. Nxh4 Rxb4 27. Ng6 $16) 26. R1a5 $36 {[%emt 0:06:53][%mdl 2048] White fights for an advantage.} Rd5 27. Qxf6 Nxf6 28. Rxf8+ Kxf8 29. d4 e4 30. Nd2 Ke7 {[%emt 0:00:22] [#]} 31. Nb1 $1 Kd7 32. b5 Rf5 33. Nc3 Kc8 34. h3 h5 35. Ra7 Nd5 $1 36. Nxd5 Bxd5 $14 {[%emt 0:01:09][%mdl 4096] Endgame KRB-KRB} 37. b6 Bb7 38. bxc7 Rb5 39. b4 Kxc7 40. Bd2 (40. Ra4 $14) 40... Kc6 41. Ra5 {[%emt 0:08:57] White is slightly better.} Rxa5 42. bxa5 {[%emt 0:00:56] KB-KB} Kd5 43. Be3 Ba6 44. Kh2 Ke6 45. Kg3 Kf5 $1 46. Kh4 g6 47. Bc1 d5 48. g4+ hxg4 49. hxg4+ Ke6 50. Kg5 Kf7 51. Kf4 {[%emt 0:00:46] Weighted Error Value: White=0.05 (flawless) /Black=0.08 (flawless)} 1/2-1/2

[Event "24th Hoogeschool Zeeland 2022"]
[Site "Vlissingen"]
[Date "2022.08.11"]
[Round "7.2"]
[White "Ponomariov, Ruslan"]
[Black "Leenhouts, Koen"]
[Result "1-0"]
[ECO "B48"]
[WhiteElo "2642"]
[BlackElo "2442"]
[Annotator "TA"]
[PlyCount "101"]
[EventDate "2022.08.05"]
[EventType "swiss"]
[EventCountry "NED"]
[SourceTitle "playchess.com"]
[Source "ChessBase"]
[SourceQuality "1"]
[TimeControl "40/5400+30:1800+30"]

1. e4 c5 2. Nf3 e6 3. d4 cxd4 4. Nxd4 Nc6 5. Nc3 Qc7 6. Be3 a6 7. g4 {[%emt 0:00:41] is cutting edge theory. B48: Sicilian: Taimanov: 5 Nc3 Qc7 6 Be3 a6 without Be2.} ({Better is} 7. a3 $14) 7... b5 $11 8. Nxc6 Qxc6 9. Qd2 {[%emt 0:00:49] The position is equal.} b4 10. Ne2 Qxe4 11. Rg1 {[%emt 0:00:13] Bg2 is the strong threat.} Qc4 12. Ng3 Qc7 13. O-O-O Nf6 14. Bf4 {[%emt 0:10:49] [#]} Qa5 $146 ({Predecessor:} 14... Qb6 15. Be5 d5 16. Kb1 Bb7 17. g5 Nd7 18. Bd4 Qc7 19. f4 Rg8 20. Nh5 Bc5 {½-½ (82) Huschenbeth,N (2610)-Materia,M (2409) Biel 2022}) 15. Bc4 d5 16. Bb3 Bc5 $2 {[%emt 0:13:08] [#]} (16... Nxg4 $2 17. Nh5 Nf6 18. Nxg7+ Bxg7 19. Rxg7 $18) ({Black should play} 16... h6 $11) 17. g5 $1 $16 Nd7 18. Bxd5 $1 {[%emt 0:03:40] White is more active.} O-O $2 {[%emt 0:07:30] Loses the game.} (18... Ra7 $16 {is a better defense.}) 19. Bxa8 $18 Qxa2 20. Qd3 Nb6 {[%emt 0:02:28] And now ...Nc4 would win.} 21. Qb3 Qxb3 22. cxb3 Nxa8 23. Ne4 Be7 24. Bd6 Bxd6 25. Rxd6 (25. Nxd6 Nb6 26. Rd4 Nd5 $16) 25... Nc7 26. Kd2 Nb5 27. Rb6 Nd4 {[%emt 0:03:37] Hoping for ...Nf3+.} 28. Ke3 {[%emt 0:13:14] Against Nf3} e5 29. Nd6 Be6 30. f4 (30. Rxa6 $6 Nxb3 31. Rd1 Nd4 $18) 30... Nc2+ 31. Kd3 Nd4 32. fxe5 (32. Rxa6 $6 Nxb3 33. Ke3 exf4+ 34. Kxf4 Nc5 $18) 32... Nf3 33. Rf1 Nxh2 34. Rf4 Ng4 {[%emt 0:00:17] [#]} (34... a5 {keeps fighting.} 35. Ra6 h6 36. gxh6 (36. Rxa5 hxg5 37. Rxb4 g4 $18) 36... g5) 35. Kd4 (35. Nxf7 $142 $1 Bxf7 (35... Re8 36. Rxa6) 36. Rxg4) 35... h5 36. gxh6 $1 ({Don't play} 36. Rxb4 $6 h4 $16) (36. Rxa6 Rd8 37. Rf1 Nh2 $16) 36... Nxh6 37. Rxb4 Rd8 38. Kc5 a5 39. Rb7 g5 40. Rf6 Ng4 41. Rfxf7 Bxf7 42. Nxf7 {[%emt 0:00:03][%mdl 4096] Endgame KRN-KRN} Rd2 43. e6 ({Not} 43. Nxg5 Nxe5 44. Kb6 Rxb2 $14) 43... Nf6 44. Nh6+ Kh8 45. e7 Re2 46. Ng4 Ng8 (46... Ne8 $18 47. Rb8 Rxe7) 47. Kd6 {[%emt 0:00:00] White mates.} Nxe7 48. Rxe7 Rxb2 49. Nf6 Rh2 50. Kd7 Rh3 51. Ke8 {[%emt 0:00:00] Weighted Error Value: White=0.14 (very precise) /Black=0.40} 1-0

[Event "24th Hoogeschool Zeeland 2022"]
[Site "Vlissingen"]
[Date "2022.08.11"]
[Round "7.3"]
[White "Santiago, Yago De Moura"]
[Black "Baklan, Vladimir"]
[Result "1/2-1/2"]
[ECO "E91"]
[WhiteElo "2513"]
[BlackElo "2589"]
[Annotator "TA"]
[PlyCount "44"]
[EventDate "2022.08.05"]
[EventType "swiss"]
[EventCountry "NED"]
[SourceTitle "playchess.com"]
[Source "ChessBase"]
[SourceQuality "1"]
[TimeControl "40/5400+30:1800+30"]

1. d4 Nf6 2. c4 g6 3. Nc3 Bg7 4. e4 d6 5. Nf3 O-O 6. Be2 Na6 7. Bg5 h6 8. Bh4 g5 9. Bg3 Nh5 {[%emt 0:00:12][%cal Oe7e5] E91: King's Indian: Classical: 6 Be2, unusual replies including 6...c5 and 6...Bg4.} 10. d5 Nc5 {[%emt 0:14:15] [#]} 11. Nd4 $146 ({Predecessor:} 11. Nd2 Nf4 12. Bxf4 gxf4 13. Rc1 a5 14. Qc2 f5 15. Bd3 Nxd3+ 16. Qxd3 e5 17. Nf3 Qf6 18. Nd2 Qg6 19. Rg1 Qh5 20. h3 Qg6 21. Qf3 Bd7 22. exf5 Bxf5 23. Nde4 b6 {½-½ (23) Kurecic,M (2012)-Sokolic,M (1826) Hum na Sutli 2019}) 11... Nxg3 12. hxg3 e6 13. O-O Qf6 14. Nb3 Nxb3 15. axb3 Bd7 16. b4 a6 17. c5 (17. Qc2 $11) 17... Qd4 ({Better is} 17... exd5 $15 18. exd5 Rfd8) 18. dxe6 $11 fxe6 19. Qb3 Kh8 20. Rad1 Qe5 21. Rd2 Bc6 22. cxd6 cxd6 {[%emt 0:00:14] A balanced but interesting game.  Weighted Error Value: White=0.08 (flawless) /Black=0.08 (flawless)} (22... Rad8 $5 ) 1/2-1/2

[Event "24th Hoogeschool Zeeland 2022"]
[Site "Vlissingen"]
[Date "2022.08.11"]
[Round "7.4"]
[White "Harsha Bharathakoti"]
[Black "Shakhverdian, William"]
[Result "1-0"]
[ECO "D31"]
[WhiteElo "2547"]
[BlackElo "2040"]
[Annotator "TA"]
[PlyCount "125"]
[EventDate "2022.08.05"]
[EventType "swiss"]
[EventCountry "NED"]
[SourceTitle "playchess.com"]
[Source "ChessBase"]
[SourceQuality "1"]
[TimeControl "40/5400+30:1800+30"]

1. d4 d5 2. c4 e6 3. Nc3 a6 4. cxd5 exd5 5. Bf4 Nf6 6. e3 {[%emt 0:00:07] D31: Queen's Gambit Declined: Semi-Slav without ...Nf6 (+ Marshall Gambit and Noteboom) and Exchange Variation lines without ...Nf6.} Bd6 7. Bg5 c6 8. Bd3 {[%emt 0:00:23] The position is equal.} Be6 9. Qc2 {[%emt 0:07:48] [#]} c5 $146 (9... h6 $11 {keeps the balance.} 10. Bh4 O-O) ({Predecessor:} 9... Nbd7 10. f4 h6 11. Bh4 g5 12. fxg5 Ng4 13. Nf3 Be7 14. Qd2 hxg5 15. Bg3 Nh6 {½-½ (38) Vrolijk,L (2480)-Suleymanli,A (2536) Reykjavik 2021}) 10. dxc5 $16 Bxc5 11. Nge2 Nc6 12. Rd1 Be7 13. Nf4 Nb4 (13... d4 $14) 14. Qb3 O-O 15. O-O {[%emt 0:09:36] Hoping for Bxf6.} Qd6 16. Bb1 {[%emt 0:11:37] White is more active.} h6 17. Bh4 Rfd8 (17... d4 $16 {keeps fighting.} 18. Nxe6 Qxe6) 18. a3 (18. Nxe6 $18 {is more deadly.} Ng4 {[#]} 19. Nf4 $1 Bxh4 20. g3 (20. Ncxd5 Nxd5 21. Rxd5 Qc6 $18)) 18... d4 19. Nxe6 ({Don't play} 19. Qxb4 Qxb4 20. axb4 dxc3 21. Nxe6 (21. bxc3 Bb3 $15) 21... Rxd1 22. Rxd1 fxe6 23. bxc3 Rc8 $11) 19... Qxe6 20. Qxe6 {[%emt 0:00:10] Really sharp!} fxe6 21. exd4 ({Don't take} 21. axb4 dxc3 22. bxc3 Rxd1 23. Rxd1 Rc8 $14) 21... Nc6 22. Ne2 Nd5 23. Bxe7 Ncxe7 {[%emt 0:00:19] Pair of Knights!} 24. Rfe1 Rac8 25. Nc1 Rd6 26. Nd3 b6 27. Ba2 Rcd8 28. Ne5 b5 29. Nd3 Nc7 30. Rc1 Ncd5 (30... Rc6 $16) 31. Nc5 $18 Rc8 32. Rcd1 Rcc6 33. g3 Kf8 34. Rd3 g6 35. b4 Kg7 36. h4 h5 37. Bb3 Nf5 38. Bxd5 Rxd5 39. Nxe6+ Kf6 40. Nc5 Rxd4 41. Nd7+ Kg7 42. Rxd4 Nxd4 $16 {[%emt 0:00:09][%mdl 4096] Endgame KRN-KRN} 43. Re7+ Kg8 44. Ne5 ({Better is} 44. Re8+ Kh7 45. Ra8) 44... Rf6 45. Rc7 Re6 (45... Nf3+ $142 46. Nxf3 Rxf3) 46. f4 Nf5 (46... a5 $16) 47. Kf2 Rd6 48. Kf3 Nd4+ 49. Kg2 Nf5 50. Kh3 Rd1 (50... Kf8 $142 51. Kg2 Kg8) 51. Rc6 ({Of course not} 51. Nxg6 $6 Ne3 52. g4 Nxg4 $11) 51... Ne3 52. Rxg6+ Kh7 53. g4 hxg4+ (53... Nxg4 $16 54. Rxa6 Ne3) 54. Kg3 $18 Rd2 $2 (54... Rh1 {might work better.} 55. Rxa6 Rh3+ 56. Kf2 Nd1+ 57. Kg1 Ne3) 55. f5 Nxf5+ 56. Kxg4 Ne3+ 57. Kf3 Nc2 58. Rxa6 {[%emt 0:01:14] And now h5 would win.} Rd5 $2 (58... Rd1 59. Kg4 Rg1+ 60. Kf5 Rf1+ 61. Kg5 Rg1+ 62. Kh5 Kg7) 59. Kf4 Rd4+ 60. Kg5 Re4 {[%emt 0:00:32] White is clearly winning.} 61. Ra7+ Kg8 {[%emt 0:00:40] [#]} 62. Kg6 $1 Kf8 (62... Rf4 63. Rg7+) 63. Nd7+ {[%emt 0:00:03] Weighted Error Value: White=0.11 (very precise) /Black=0.23 (precise)} 1-0